Wolfpack vs Phantoms
Created - February 26, 2025 at 20:16
Goals
|
| Wolfpack |
0 |
1 |
2 |
0 |
3 |
| Phantoms |
0 |
1 |
2 |
1 |
4 |
|
Shots
|
| Wolfpack |
7 |
10 |
16 |
0 |
33 |
| Phantoms |
9 |
22 |
10 |
1 |
42 |
|
1st period
No Goal
Penalties :
Alexander Barabanov (Har) for Slashing (Minor) at 18:09
2nd period
1. Phantoms , Morgan Klimchuk 11 (Lucas Wallmarkk 51, Joe Snively 49) at 6:35
2. Wolfpack , Nolan Patrick 27 (Ryan Culkin 18, Sebastian Collberg 27) at 13:48
Penalties :
Linus Sandin (Har) for Cross-checking (Minor) at 9:45
3rd period
3. Wolfpack , Derrick Pouliot 9 (Owen Tippet 20, Alexander Barabanov 22) at 5:45
4. Phantoms , Morgan Klimchuk 12 (Lucas Wallmarkk 52, Joe Snively 50) at 6:37
5. Phantoms , David Kampf 19 (Blake Heinrich 30, Joe Snively 51) at 7:41
6. Wolfpack , Ryan Culkin 2 (Owen Tippet 21, Alex Barre-Boulet 29) at 9:35 (PP)
Penalties :
Lucas Wallmarkk (Leh) for Interference (Minor) at 0:03, Joe Snively (Leh) for Cross-checking (Minor) at 8:03, Yegor Korshkov (Har) for Cross-checking (Minor) at 11:15
Overtime #1
7. Phantoms , Morgan Klimchuk 13 (Joe Snively 52, Blake Heinrich 31) at 0:14
Penalties :
No Penalty
Goalie Stats
Samuel Ersson (Har), 38 saves from 42 shots - (0.905), OTL, 9-10-4, 60:14 minutes
Kevin Lankinen (Leh), 30 saves from 33 shots - (0.909), W, 5-3-0, 60:14 minutes
Players Stats for Wolfpack
Player Name G A P +/- PIM S H SB GA TA FO MP PP MP PK MP
------------------------------------------------------------------------------------
Alex Barre-Boulet 0 1 1 1 0 0 0 1 0 1 8/12 16:09 0:51 1:13
Alexander Barabanov 0 1 1 1 2 4 1 0 0 0 0/0 17:18 0:51 1:47
Andrei Altybarmakyan 0 0 0 0 0 0 1 0 0 0 0/0 9:04 0:00 0:00
Cale Fleury 0 0 0 0 0 0 0 0 0 0 0/0 11:28 0:00 0:00
Colton White 0 0 0 -1 0 0 1 1 0 1 0/0 29:27 3:11 3:51
Derrick Pouliot 1 0 1 -2 0 7 0 3 2 0 0/0 29:41 3:11 3:51
Dryden Hunt 0 0 0 0 0 0 0 2 0 1 0/1 21:05 2:40 3:19
Jeffrey Viel 0 0 0 0 0 1 2 0 0 1 0/0 10:05 0:00 1:01
Joshua Jacobs 0 0 0 0 0 2 0 1 0 2 0/0 11:28 0:00 0:00
K'Andre Miller 0 0 0 0 0 0 0 1 0 0 0/0 19:05 0:20 2:06
Linus Sandin 0 0 0 -2 2 2 3 0 0 0 0/0 11:53 0:00 0:00
Mikhail Vorobyev 0 0 0 -2 0 2 0 0 0 0 4/6 13:04 0:00 1:10
Nolan Patrick 1 0 1 -1 0 4 2 0 0 0 19/37 21:47 2:40 3:24
Owen Tippet 0 2 2 1 0 1 0 0 2 0 0/0 14:56 0:51 0:00
Ryan Culkin 1 1 2 0 0 3 2 0 0 1 0/0 19:05 0:20 2:06
Sebastian Collberg 0 1 1 -1 0 5 3 0 0 0 2/2 17:47 2:40 0:00
Shane Pinto 0 0 0 0 0 0 1 1 0 0 0/5 9:04 0:00 0:00
Yegor Korshkov 0 0 0 -2 2 2 0 1 0 0 0/0 12:16 0:00 0:00
Players Stats for Phantoms
Player Name G A P +/- PIM S H SB GA TA FO MP PP MP PK MP
------------------------------------------------------------------------------------
A.J. Greer 0 0 0 1 0 4 1 0 0 0 0/0 11:46 0:00 0:53
Andrey Pedan 0 0 0 0 0 1 3 1 0 0 0/0 21:41 2:13 1:17
Blake Heinrich 0 2 2 2 0 2 0 3 0 0 0/0 27:37 3:44 2:14
Brett Murray 0 0 0 0 0 3 0 0 0 0 0/0 7:33 0:00 0:00
Cristoval Nieves 0 0 0 -1 0 2 3 2 0 0 3/9 17:26 2:43 1:08
David Kampf 1 0 1 1 0 9 0 0 0 0 6/8 10:53 0:00 0:00
J.T. Brown 0 0 0 -1 0 0 2 0 0 0 0/0 16:37 2:43 0:19
Joe Snively 0 4 4 2 2 4 5 0 2 0 3/8 21:45 3:14 0:00
Laurent Dauphin 0 0 0 0 0 0 0 0 0 0 2/4 7:33 0:00 0:00
Lucas Wallmarkk 0 2 2 1 2 6 0 1 0 0 11/27 22:40 3:14 0:56
Matt Kiersted 0 0 0 0 0 0 0 2 0 1 0/0 12:26 0:00 1:17
Mikko Lehtonen 0 0 0 1 0 0 2 1 1 1 0/0 25:09 3:44 0:00
Morgan Klimchuk 3 0 3 2 0 6 1 0 0 0 1/1 24:18 3:14 2:19
Nick Sorensen 0 0 0 1 0 1 0 0 1 0 1/1 10:53 0:00 0:00
Oliver Wahlstrom 0 0 0 0 0 0 1 1 0 0 1/1 7:33 0:00 0:00
Rem Pitlick 0 0 0 -1 0 0 0 1 3 0 2/4 17:58 2:43 1:27
Riley Stillman 0 0 0 0 0 1 0 1 0 0 0/0 10:56 0:00 0:00
Rinat Valiev 0 0 0 0 0 3 1 0 0 2 0/0 22:25 2:13 2:14
3 Stars
1 - Morgan Klimchuk (Leh)
2 - Joe Snively (Leh)
3 - Blake Heinrich (Leh)
Power Play
Wolfpack - 1 on 2 Attempt(s) - 50.00%
Phantoms - 0 on 3 Attempt(s) - 0.00%
Penalty Kill
Wolfpack - 3 on 3 Attempt(s) - 100.00%
- Score 0 goal in Penalty Kill
Phantoms - 1 on 2 Attempt(s) - 50.00%
- Score 0 goal in Penalty Kill
Team Stat
Wolfpack - Hits : 16 - Faceoff Wins : 33 - Blocked Shots : 11 - Penalty Minutes : 6
Phantoms - Hits : 19 - Faceoff Wins : 30 - Blocked Shots : 13 - Penalty Minutes : 4
Official
Referees : Marc Joannette and Dan Kelly
Linesman : Derek Nansen and Julien Fournier
Game Notes
Morgan Klimchuk has scored a Hat Trick!
Finance
Level 1 -- Attendance: 1946 (97.30%) -- Ticket Income $136,220
Level 2 -- Attendance: 875 (87.50%) -- Ticket Income $35,000
Total Attendance: 2821 (94.03%)
Total Ticket Income: $171,220
Other Income: $8,561
Total Income: $179,781
Wolfpack
5 vs 5 Forward
Center Left Wing Right Wing Time % Phy DF OF
1 Nolan Patrick Dryden Hunt Sebastian Collberg 40 1 2 2
2 Alex Barre-Boulet Alexander Barabanov Owen Tippet 30 1 2 2
3 Mikhail Vorobyev Yegor Korshkov Linus Sandin 20 1 2 2
4 Shane Pinto Jeffrey Viel Andrei Altybarmakyan 10 1 2 2
5 vs 5 Defense
Defense Defense Time % Phy DF OF
1 Derrick Pouliot Colton White 40 1 2 2
2 Ryan Culkin K'Andre Miller 30 1 2 2
3 Cale Fleury Joshua Jacobs 20 1 2 2
4 Derrick Pouliot Colton White 10 1 2 2
PowerPlay Forward
Center Left Wing Right Wing Time % Phy DF OF
1 Nolan Patrick Dryden Hunt Sebastian Collberg 60 1 2 2
2 Alex Barre-Boulet Alexander Barabanov Owen Tippet 40 1 2 2
PowerPlay Defense
Defense Defense Time % Phy DF OF
1 Derrick Pouliot Colton White 60 1 2 2
2 Ryan Culkin K'Andre Miller 40 1 2 2
Penalty Kill 4 Players Forward
Center Wing Time % Phy DF OF
1 Nolan Patrick Dryden Hunt 60 1 2 2
2 Alex Barre-Boulet Alexander Barabanov 40 1 2 2
Penalty Kill 4 Players Defense
Defense Defense Time % Phy DF OF
1 Derrick Pouliot Colton White 60 1 2 2
2 Ryan Culkin K'Andre Miller 40 1 2 2
Penalty Kill - 3 Players Forward
Forward Time % Phy DF OF
1 Nolan Patrick 60 1 2 2
2 Alex Barre-Boulet 40 1 2 2
Penalty Kill - 3 Players Defense
Defense Defense Time % Phy DF OF
1 Derrick Pouliot Colton White 60 1 2 2
2 Ryan Culkin K'Andre Miller 40 1 2 2
4 vs 4 Forward
Center Wing Time % Phy DF OF
1 Nolan Patrick Dryden Hunt 60 1 2 2
2 Alex Barre-Boulet Alexander Barabanov 40 1 2 2
4 vs 4 Defense
Defense Defense Time % Phy DF OF
1 Derrick Pouliot Colton White 60 1 2 2
2 Ryan Culkin K'Andre Miller 40 1 2 2
Last Minutes Offensive
Center Left Wing Right Wing Defense Defense
Nolan Patrick Dryden Hunt Sebastian Collberg Derrick Pouliot Colton White
Last Minutes Defensive
Center Left Wing Right Wing Defense Defense
Nolan Patrick Dryden Hunt Sebastian Collberg Derrick Pouliot Colton White
Goaltenders
Starting : Samuel Ersson
Backup : Charlie Lindgren
Extra Forwards
Normal : Alexander Barabanov, Alex Barre-Boulet, Linus Sandin - PP : Alexander Barabanov, Alex Barre-Boulet - PK : Alexander Barabanov
Extra Defensemen
Normal : K'Andre Miller, Cale Fleury, Joshua Jacobs - PP : K'Andre Miller - PK : K'Andre Miller, Cale Fleury
Penalty Shots
Sebastian Collberg, Nolan Patrick, Owen Tippet, Dryden Hunt, Alexander Barabanov
Custom OT Lines Forwards
Sebastian Collberg, Nolan Patrick, Owen Tippet, Dryden Hunt, Alexander Barabanov, Alex Barre-Boulet, Linus Sandin, Andrei Altybarmakyan, Mikhail Vorobyev, Yegor Korshkov
Custom OT Lines Defensemen
Derrick Pouliot, Colton White, Ryan Culkin, K'Andre Miller, Cale Fleury
Scratches
Ryan Poehling (Healthy), Mason Shaw (Healthy), Ben Jones (Healthy), Samuel Houde (Healthy), Jake Marchment (Strained Left Knee Injury)
Dylan Samberg (Healthy), Andrew Peeke (Healthy), Dante Fabbro (Healthy), Alexander Volkov (Healthy), Jack Drury (Healthy)
Jakub Lauko (Broken Right Foot Toe Injury), Martin Kaut (Healthy), Mathias Laferriere (Healthy), Maxwell Crozier (Healthy), Will Francis (Healthy)
Dustin Wolf (Healthy)
Phantoms
5 vs 5 Forward
Center Left Wing Right Wing Time % Phy DF OF
1 Lucas Wallmarkk Joe Snively Morgan Klimchuk 42 1 1 3
2 Cristoval Nieves J.T. Brown Rem Pitlick 33 1 1 3
3 David Kampf Nick Sorensen A.J. Greer 20 1 3 1
4 Laurent Dauphin Brett Murray Oliver Wahlstrom 5 1 3 1
5 vs 5 Defense
Defense Defense Time % Phy DF OF
1 Blake Heinrich Mikko Lehtonen 45 0 2 3
2 Andrey Pedan Rinat Valiev 35 0 2 3
3 Riley Stillman Matt Kiersted 20 1 3 1
4 Riley Stillman Matt Kiersted 0 1 3 1
PowerPlay Forward
Center Left Wing Right Wing Time % Phy DF OF
1 Lucas Wallmarkk Joe Snively Morgan Klimchuk 60 0 1 4
2 Cristoval Nieves J.T. Brown Rem Pitlick 40 0 1 4
PowerPlay Defense
Defense Defense Time % Phy DF OF
1 Blake Heinrich Mikko Lehtonen 60 0 1 4
2 Andrey Pedan Rinat Valiev 40 0 1 4
Penalty Kill 4 Players Forward
Center Wing Time % Phy DF OF
1 Lucas Wallmarkk Morgan Klimchuk 60 1 4 0
2 Cristoval Nieves J.T. Brown 40 1 4 0
Penalty Kill 4 Players Defense
Defense Defense Time % Phy DF OF
1 Blake Heinrich Rinat Valiev 60 1 4 0
2 Andrey Pedan Matt Kiersted 40 1 4 0
Penalty Kill - 3 Players Forward
Forward Time % Phy DF OF
1 Lucas Wallmarkk 60 1 4 0
2 J.T. Brown 40 1 4 0
Penalty Kill - 3 Players Defense
Defense Defense Time % Phy DF OF
1 Blake Heinrich Rinat Valiev 60 1 4 0
2 Andrey Pedan Matt Kiersted 40 1 4 0
4 vs 4 Forward
Center Wing Time % Phy DF OF
1 Lucas Wallmarkk Nick Sorensen 60 1 2 2
2 Cristoval Nieves Morgan Klimchuk 40 1 2 2
4 vs 4 Defense
Defense Defense Time % Phy DF OF
1 Blake Heinrich Mikko Lehtonen 60 1 2 2
2 Andrey Pedan Rinat Valiev 40 1 2 2
Last Minutes Offensive
Center Left Wing Right Wing Defense Defense
Lucas Wallmarkk Joe Snively Morgan Klimchuk Blake Heinrich Mikko Lehtonen
Last Minutes Defensive
Center Left Wing Right Wing Defense Defense
Lucas Wallmarkk J.T. Brown Morgan Klimchuk Blake Heinrich Rinat Valiev
Goaltenders
Starting : Kevin Lankinen
Backup : Zachary Fucale
Extra Forwards
Normal : Cristoval Nieves, J.T. Brown, Nick Sorensen - PP : Morgan Klimchuk, Rem Pitlick - PK : Rem Pitlick
Extra Defensemen
Normal : Blake Heinrich, Rinat Valiev, Andrey Pedan - PP : Mikko Lehtonen - PK : Blake Heinrich, Rinat Valiev
Penalty Shots
Rem Pitlick, Nick Sorensen, Morgan Klimchuk, Joe Snively, Cristoval Nieves
Custom OT Lines Forwards
Morgan Klimchuk, Joe Snively, Lucas Wallmarkk, J.T. Brown, Cristoval Nieves, Rem Pitlick, Nick Sorensen, David Kampf, Oliver Wahlstrom, A.J. Greer
Custom OT Lines Defensemen
Blake Heinrich, Mikko Lehtonen, Andrey Pedan, Rinat Valiev, Matt Kiersted
Scratches
Anthony Angello (Healthy), Benoit-Olivier Groulx (Healthy), Cooper Marody (Healthy), Ty Smith (Healthy), Victor Berglund (Healthy)
Fabian Zetterlund (Healthy), Sven Andrighetto (Right Hip Injury), David Gustafsson (Healthy), Josiah Slavin (Healthy), Cam York (Healthy)
Kaedan Korczak (Healthy), Danil Zhuravlyov (Healthy), Alex Beaucage (Healthy), Arsen Khisamutdinov (Healthy), Jacob Ingham (Healthy)
Zachary Sawchenko (Healthy)
% Time on Ice - Wolfpack
Lines # - Real PCT - Wanted PCT - Time Play
Normal Forward
1 - 31% - 40% - 15:29
2 - 28% - 30% - 14:05
3 - 24% - 20% - 11:54
4 - 18% - 10% - 9:04
Normal Defense
1 - 37% - 40% - 18:37
2 - 33% - 30% - 16:39
3 - 23% - 20% - 11:28
4 - 8% - 10% - 3:48
PP Forward
1 - 76% - 60% - 2:40
2 - 24% - 40% - 0:51
PP Defense
1 - 91% - 60% - 3:11
2 - 9% - 40% - 0:20
PK Forward
1 - 80% - 60% - 4:44
2 - 20% - 40% - 1:13
PK Defense
1 - 65% - 60% - 3:51
2 - 35% - 40% - 2:06
PK3 Forward
1 - 0% - 60%
2 - 0% - 40%
PK3 Defense
1 - 0% - 60%
2 - 0% - 40%
44 Forward
1 - 0% - 60%
2 - 0% - 40%
44 Defense
1 - 0% - 60%
2 - 0% - 40%
Last Minute Offensive - 0:00
Last Minute Defensive - 0:00
Total
Forward - 60:00
Defense - 60:00
|
% Time on Ice - Phantoms
Lines # - Real PCT - Wanted PCT - Time Play
Normal Forward
1 - 37% - 42% - 18:47
2 - 26% - 33% - 13:19
3 - 22% - 20% - 10:53
4 - 15% - 5% - 7:33
Normal Defense
1 - 42% - 45% - 21:25
2 - 36% - 35% - 18:11
3 - 19% - 20% - 9:50
4 - 2% - 0% - 1:06
PP Forward
1 - 54% - 60% - 3:14
2 - 46% - 40% - 2:43
PP Defense
1 - 63% - 60% - 3:44
2 - 37% - 40% - 2:13
PK Forward
1 - 91% - 60% - 3:12
2 - 9% - 40% - 0:19
PK Defense
1 - 64% - 60% - 2:14
2 - 36% - 40% - 1:17
PK3 Forward
1 - 0% - 60%
2 - 0% - 40%
PK3 Defense
1 - 0% - 60%
2 - 0% - 40%
44 Forward
1 - 0% - 60%
2 - 0% - 40%
44 Defense
1 - 0% - 60%
2 - 0% - 40%
Last Minute Offensive - 0:00
Last Minute Defensive - 0:00
Total
Forward - 60:00
Defense - 60:00
|
Play-by-Play
1st period
0:01 of 1st period - Joe Snively wins face-off versus Nolan Patrick in neutral zone.
0:14 of 1st period - Blake Heinrich is hit by Nolan Patrick and loses puck.
0:25 of 1st period - Colton White is hit by Mikko Lehtonen.
0:51 of 1st period - Snap shot by Nick Sorensen.
0:51 of 1st period - Shot Blocked by K'Andre Miller.
1:01 of 1st period - Snap shot by Linus Sandin.
1:01 of 1st period - Stopped by Kevin Lankinen with a rebound.
3:12 of 1st period - Rem Pitlick is hit by Ryan Culkin and loses puck.
3:41 of 1st period - Off-side.
3:42 of 1st period - Mikhail Vorobyev wins face-off versus Lucas Wallmarkk in neutral zone.
3:56 of 1st period - Slapshot by Derrick Pouliot.
3:56 of 1st period - Stopped by Kevin Lankinen with a rebound.
5:44 of 1st period - Snap shot by Linus Sandin.
5:44 of 1st period - Shot Blocked by Riley Stillman.
6:00 of 1st period - Slapshot by Derrick Pouliot.
6:00 of 1st period - Shot Blocked by Oliver Wahlstrom.
6:02 of 1st period - Slapshot by Derrick Pouliot.
6:02 of 1st period - Stopped by Kevin Lankinen with a rebound.
6:04 of 1st period - Slapshot by Derrick Pouliot.
6:04 of 1st period - Deflect By Matt Kiersted.
6:04 of 1st period - Stopped by Kevin Lankinen with a rebound.
6:14 of 1st period - Slapshot by Sebastian Collberg.
6:14 of 1st period - Shot Misses the Net.
6:20 of 1st period - Snap shot by Sebastian Collberg.
6:20 of 1st period - Stopped by Kevin Lankinen with a rebound.
6:22 of 1st period - Snap shot by Sebastian Collberg.
6:22 of 1st period - Stopped by Kevin Lankinen without a rebound.
6:23 of 1st period - Lucas Wallmarkk wins face-off versus Mikhail Vorobyev in Phantoms zone.
7:17 of 1st period - Cale Fleury is hit by Rinat Valiev.
7:32 of 1st period - Icing by Laurent Dauphin.
7:33 of 1st period - Laurent Dauphin wins face-off versus Shane Pinto in Phantoms zone.
7:33 of 1st period - Laurent Dauphin is hit by Jeffrey Viel.
8:01 of 1st period - Snap shot by Brett Murray.
8:01 of 1st period - Stopped by Samuel Ersson without a rebound.
8:02 of 1st period - Nolan Patrick wins face-off versus Lucas Wallmarkk in Wolfpack zone.
8:28 of 1st period - K'Andre Miller is hit by Cristoval Nieves and loses puck.
8:56 of 1st period - Snap shot by David Kampf.
8:56 of 1st period - Stopped by Samuel Ersson without a rebound.
8:57 of 1st period - Nolan Patrick wins face-off versus David Kampf in Wolfpack zone.
9:22 of 1st period - Andrey Pedan is hit by Ryan Culkin and loses puck.
10:05 of 1st period - Slapshot by Brett Murray.
10:05 of 1st period - Stopped by Samuel Ersson without a rebound.
10:06 of 1st period - Alex Barre-Boulet wins face-off versus Laurent Dauphin in Wolfpack zone.
10:06 of 1st period - Alex Barre-Boulet is hit by Andrey Pedan.
10:14 of 1st period - Slapshot by Alexander Barabanov.
10:14 of 1st period - Stopped by Kevin Lankinen with a rebound.
10:20 of 1st period - Joshua Jacobs is hit by Oliver Wahlstrom.
10:39 of 1st period - Wrist shot by Nolan Patrick.
10:39 of 1st period - Shot Misses the Net.
11:11 of 1st period - Cristoval Nieves is hit by Shane Pinto.
11:57 of 1st period - Slapshot by Cristoval Nieves.
11:57 of 1st period - Shot Blocked by Yegor Korshkov.
11:59 of 1st period - Slapshot by Blake Heinrich.
11:59 of 1st period - Stopped by Samuel Ersson without a rebound.
12:00 of 1st period - Nolan Patrick wins face-off versus Lucas Wallmarkk in Wolfpack zone.
12:00 of 1st period - Nolan Patrick is hit by Joe Snively.
12:06 of 1st period - Off-side.
12:07 of 1st period - Morgan Klimchuk wins face-off versus Nolan Patrick in neutral zone.
12:36 of 1st period - Slapshot by Derrick Pouliot.
12:36 of 1st period - Shot Blocked by Matt Kiersted.
12:44 of 1st period - Snap shot by Nick Sorensen.
12:44 of 1st period - Shot Misses the Net.
13:05 of 1st period - Brett Murray is hit by Linus Sandin and loses puck.
13:24 of 1st period - Snap shot by Lucas Wallmarkk.
13:24 of 1st period - Stopped by Samuel Ersson without a rebound.
13:25 of 1st period - Nolan Patrick wins face-off versus Cristoval Nieves in Wolfpack zone.
13:57 of 1st period - Cale Fleury is hit by Morgan Klimchuk and loses puck.
14:44 of 1st period - Slapshot by Cristoval Nieves.
14:44 of 1st period - Stopped by Samuel Ersson without a rebound.
14:45 of 1st period - Nolan Patrick wins face-off versus Rem Pitlick in Wolfpack zone.
15:19 of 1st period - Wrist shot by David Kampf.
15:19 of 1st period - Stopped by Samuel Ersson with a rebound.
16:13 of 1st period - Wrist shot by Ryan Culkin.
16:13 of 1st period - Shot Blocked by Andrey Pedan.
16:28 of 1st period - Off-side.
16:29 of 1st period - David Kampf wins face-off versus Nolan Patrick in neutral zone.
17:19 of 1st period - Wrist shot by Joe Snively.
17:19 of 1st period - Shot Misses the Net.
17:21 of 1st period - Wrist shot by Andrey Pedan.
17:21 of 1st period - Deflect By Derrick Pouliot.
17:21 of 1st period - Stopped by Samuel Ersson with a rebound.
17:23 of 1st period - Slapshot by Rinat Valiev.
17:23 of 1st period - Deflect By Lucas Wallmarkk.
17:23 of 1st period - Shot Misses the Net.
17:23 of 1st period - Puck is out of play.
17:24 of 1st period - Nolan Patrick wins face-off versus Joe Snively in Wolfpack zone.
17:24 of 1st period - Nolan Patrick is hit by Joe Snively.
17:57 of 1st period - Slapshot by Cristoval Nieves.
17:57 of 1st period - Stopped by Samuel Ersson with a rebound.
17:59 of 1st period - Snap shot by J.T. Brown.
17:59 of 1st period - Shot Misses the Net.
18:01 of 1st period - Slapshot by J.T. Brown.
18:01 of 1st period - Shot Misses the Net.
18:03 of 1st period - Snap shot by Rem Pitlick.
18:03 of 1st period - Shot Misses the Net.
18:09 of 1st period - Minor Penalty to Alexander Barabanov for Slashing.
18:10 of 1st period - Nolan Patrick wins face-off versus Lucas Wallmarkk in Wolfpack zone.
18:22 of 1st period - Off-side.
18:23 of 1st period - Lucas Wallmarkk wins face-off versus Nolan Patrick in neutral zone.
18:26 of 1st period - Slapshot by Mikko Lehtonen.
18:26 of 1st period - Shot Misses the Net.
18:28 of 1st period - Slapshot by Mikko Lehtonen.
18:28 of 1st period - Shot Misses the Net.
18:40 of 1st period - Slapshot by Mikko Lehtonen.
18:40 of 1st period - Shot Blocked by Derrick Pouliot.
19:27 of 1st period - Ryan Culkin is hit by Cristoval Nieves and loses puck.
Goals for this period are 0 for Wolfpack vs 0 for Phantoms.
Shots for this period are 7 for Wolfpack vs 9 for Phantoms.
2nd period
0:01 of 2nd period - Nolan Patrick wins face-off versus Lucas Wallmarkk in neutral zone.
0:09 of 2nd period - Penalty to Alexander Barabanov is over, Alexander Barabanov is back on ice.
0:18 of 2nd period - Snap shot by Nolan Patrick.
0:18 of 2nd period - Shot Blocked by Blake Heinrich.
0:36 of 2nd period - Wrist shot by Linus Sandin.
0:36 of 2nd period - Shot Misses the Net.
1:08 of 2nd period - Rinat Valiev is hit by Andrei Altybarmakyan and loses puck.
1:13 of 2nd period - Wrist shot by Jeffrey Viel.
1:13 of 2nd period - Stopped by Kevin Lankinen with a rebound.
1:31 of 2nd period - Wrist shot by Nolan Patrick.
1:31 of 2nd period - Stopped by Kevin Lankinen with a rebound.
2:58 of 2nd period - Mikko Lehtonen is hit by Sebastian Collberg and loses puck.
3:04 of 2nd period - Icing by Mikko Lehtonen.
3:05 of 2nd period - David Kampf wins face-off versus Alex Barre-Boulet in Phantoms zone.
3:22 of 2nd period - Icing by Alexander Barabanov.
3:23 of 2nd period - Lucas Wallmarkk wins face-off versus Alex Barre-Boulet in Wolfpack zone.
3:26 of 2nd period - Backhand shot by Joe Snively.
3:26 of 2nd period - Shot Misses the Net.
3:28 of 2nd period - Slapshot by Morgan Klimchuk.
3:28 of 2nd period - Shot Misses the Net.
3:30 of 2nd period - Wrist shot by Joe Snively.
3:30 of 2nd period - Stopped by Samuel Ersson with a rebound.
3:32 of 2nd period - Wrist shot by Rinat Valiev.
3:32 of 2nd period - Stopped by Samuel Ersson without a rebound.
3:33 of 2nd period - Lucas Wallmarkk wins face-off versus Nolan Patrick in Wolfpack zone.
3:38 of 2nd period - Snap shot by Joe Snively.
3:38 of 2nd period - Shot Misses the Net.
4:29 of 2nd period - Slapshot by Joe Snively.
4:29 of 2nd period - Shot Blocked by Derrick Pouliot.
4:31 of 2nd period - Snap shot by Rinat Valiev.
4:31 of 2nd period - Shot Hit the Post.
4:33 of 2nd period - Backhand shot by Rinat Valiev.
4:33 of 2nd period - Stopped by Samuel Ersson with a rebound.
4:35 of 2nd period - Snap shot by Lucas Wallmarkk.
4:35 of 2nd period - Stopped by Samuel Ersson with a rebound.
4:37 of 2nd period - Snap shot by Joe Snively.
4:37 of 2nd period - Shot Misses the Net.
4:43 of 2nd period - Snap shot by Joe Snively.
4:43 of 2nd period - Shot Misses the Net.
4:51 of 2nd period - Linus Sandin is hit by Joe Snively and loses puck.
4:58 of 2nd period - Snap shot by Joe Snively.
4:58 of 2nd period - Stopped by Samuel Ersson with a rebound.
5:00 of 2nd period - Slapshot by Andrey Pedan.
5:00 of 2nd period - Deflect By Lucas Wallmarkk.
5:00 of 2nd period - Stopped by Samuel Ersson with a rebound.
5:08 of 2nd period - Slapshot by Joe Snively.
5:08 of 2nd period - Shot Misses the Net.
5:10 of 2nd period - Slapshot by Andrey Pedan.
5:10 of 2nd period - Shot Misses the Net.
5:24 of 2nd period - Snap shot by Joe Snively.
5:24 of 2nd period - Shot Misses the Net.
5:26 of 2nd period - Snap shot by Lucas Wallmarkk.
5:26 of 2nd period - Shot Misses the Net.
5:28 of 2nd period - Wrist shot by Joe Snively.
5:28 of 2nd period - Deflect By Morgan Klimchuk.
5:28 of 2nd period - Stopped by Samuel Ersson with a rebound.
5:58 of 2nd period - Slapshot by Lucas Wallmarkk.
5:58 of 2nd period - Shot Misses the Net.
6:12 of 2nd period - Snap shot by Joe Snively.
6:12 of 2nd period - Shot Misses the Net.
6:22 of 2nd period - Linus Sandin is hit by Andrey Pedan and loses puck.
6:35 of 2nd period - Slapshot by Morgan Klimchuk.
6:35 of 2nd period - Goal by Morgan Klimchuk - Wolfpack : 0 - Phantoms : 1.
6:36 of 2nd period - Nolan Patrick wins face-off versus Cristoval Nieves in neutral zone.
6:45 of 2nd period - Snap shot by Sebastian Collberg.
6:45 of 2nd period - Shot Blocked by Blake Heinrich.
6:47 of 2nd period - Snap shot by Dryden Hunt.
6:47 of 2nd period - Shot Blocked by Rem Pitlick.
7:15 of 2nd period - Slapshot by Rem Pitlick.
7:15 of 2nd period - Shot Misses the Net.
7:17 of 2nd period - Slapshot by Blake Heinrich.
7:17 of 2nd period - Stopped by Samuel Ersson with a rebound.
8:20 of 2nd period - Snap shot by Cristoval Nieves.
8:20 of 2nd period - Deflect By Rem Pitlick.
8:20 of 2nd period - Shot Blocked by Alex Barre-Boulet.
8:20 of 2nd period - Puck is out of play.
8:21 of 2nd period - Nick Sorensen wins face-off versus Dryden Hunt in Wolfpack zone.
8:26 of 2nd period - Snap shot by David Kampf.
8:26 of 2nd period - Stopped by Samuel Ersson without a rebound.
8:27 of 2nd period - David Kampf wins face-off versus Nolan Patrick in Wolfpack zone.
8:32 of 2nd period - Wrist shot by David Kampf.
8:32 of 2nd period - Stopped by Samuel Ersson without a rebound.
8:33 of 2nd period - David Kampf wins face-off versus Nolan Patrick in Wolfpack zone.
9:23 of 2nd period - Andrei Altybarmakyan is hit by A.J. Greer and loses puck.
9:45 of 2nd period - Minor Penalty to Linus Sandin for Cross-checking.
9:46 of 2nd period - Joe Snively wins face-off versus Nolan Patrick in Wolfpack zone.
9:52 of 2nd period - Wrist shot by Lucas Wallmarkk.
9:52 of 2nd period - Stopped by Samuel Ersson with a rebound.
10:12 of 2nd period - Colton White is hit by J.T. Brown.
11:45 of 2nd period - Penalty to Linus Sandin is over, Linus Sandin is back on ice.
12:58 of 2nd period - Brett Murray is hit by Linus Sandin and loses puck.
13:26 of 2nd period - Snap shot by Joe Snively.
13:26 of 2nd period - Stopped by Samuel Ersson without a rebound.
13:27 of 2nd period - Nolan Patrick wins face-off versus Joe Snively in Wolfpack zone.
13:38 of 2nd period - Slapshot by Sebastian Collberg.
13:38 of 2nd period - Shot Misses the Net.
13:40 of 2nd period - Slapshot by Joshua Jacobs.
13:40 of 2nd period - Stopped by Kevin Lankinen with a rebound.
13:42 of 2nd period - Wrist shot by Nolan Patrick.
13:42 of 2nd period - Stopped by Kevin Lankinen without a rebound.
13:43 of 2nd period - Sebastian Collberg wins face-off versus Cristoval Nieves in Phantoms zone.
13:48 of 2nd period - Wrist shot by Nolan Patrick.
13:48 of 2nd period - Goal by Nolan Patrick - Wolfpack : 1 - Phantoms : 1.
13:49 of 2nd period - Nolan Patrick wins face-off versus Lucas Wallmarkk in neutral zone.
13:54 of 2nd period - Wrist shot by Sebastian Collberg.
13:54 of 2nd period - Stopped by Kevin Lankinen with a rebound.
13:56 of 2nd period - Snap shot by Dryden Hunt.
13:56 of 2nd period - Shot Misses the Net.
13:58 of 2nd period - Wrist shot by Nolan Patrick.
13:58 of 2nd period - Shot Misses the Net.
14:23 of 2nd period - Snap shot by Alex Barre-Boulet.
14:23 of 2nd period - Shot Misses the Net.
14:25 of 2nd period - Slapshot by Ryan Culkin.
14:25 of 2nd period - Stopped by Kevin Lankinen with a rebound.
14:41 of 2nd period - Snap shot by David Kampf.
14:41 of 2nd period - Stopped by Samuel Ersson without a rebound.
14:42 of 2nd period - David Kampf wins face-off versus Nolan Patrick in Wolfpack zone.
14:48 of 2nd period - Snap shot by A.J. Greer.
14:48 of 2nd period - Stopped by Samuel Ersson with a rebound.
14:50 of 2nd period - Wrist shot by Nick Sorensen.
14:50 of 2nd period - Shot Blocked by Derrick Pouliot.
14:52 of 2nd period - Slapshot by Rinat Valiev.
14:52 of 2nd period - Stopped by Samuel Ersson with a rebound.
14:56 of 2nd period - Slapshot by David Kampf.
14:56 of 2nd period - Shot Misses the Net.
14:58 of 2nd period - Wrist shot by Andrey Pedan.
14:58 of 2nd period - Shot Misses the Net.
15:10 of 2nd period - Wrist shot by A.J. Greer.
15:10 of 2nd period - Stopped by Samuel Ersson with a rebound.
15:12 of 2nd period - Backhand shot by Matt Kiersted.
15:12 of 2nd period - Shot Misses the Net.
15:16 of 2nd period - Snap shot by David Kampf.
15:16 of 2nd period - Stopped by Samuel Ersson with a rebound.
15:18 of 2nd period - Slapshot by Nick Sorensen.
15:18 of 2nd period - Stopped by Samuel Ersson with a rebound.
15:34 of 2nd period - Snap shot by David Kampf.
15:34 of 2nd period - Stopped by Samuel Ersson without a rebound.
15:35 of 2nd period - Alex Barre-Boulet wins face-off versus Joe Snively in Wolfpack zone.
15:35 of 2nd period - Alex Barre-Boulet is hit by Joe Snively.
15:49 of 2nd period - Snap shot by Alexander Barabanov.
15:49 of 2nd period - Stopped by Kevin Lankinen with a rebound.
16:36 of 2nd period - Icing by Andrei Altybarmakyan.
16:37 of 2nd period - Lucas Wallmarkk wins face-off versus Shane Pinto in Wolfpack zone.
16:40 of 2nd period - Snap shot by Joe Snively.
16:40 of 2nd period - Shot Misses the Net.
16:42 of 2nd period - Wrist shot by Morgan Klimchuk.
16:42 of 2nd period - Stopped by Samuel Ersson with a rebound.
16:44 of 2nd period - Wrist shot by Morgan Klimchuk.
16:44 of 2nd period - Stopped by Samuel Ersson without a rebound.
16:45 of 2nd period - Nolan Patrick wins face-off versus Joe Snively in Wolfpack zone.
17:20 of 2nd period - Wrist shot by Alexander Barabanov.
17:20 of 2nd period - Stopped by Kevin Lankinen with a rebound.
17:22 of 2nd period - Slapshot by Alex Barre-Boulet.
17:22 of 2nd period - Shot Blocked by Cristoval Nieves.
17:36 of 2nd period - A.J. Greer is hit by Jeffrey Viel and loses puck.
17:54 of 2nd period - Off-side.
17:55 of 2nd period - Mikhail Vorobyev wins face-off versus Laurent Dauphin in neutral zone.
18:07 of 2nd period - Rinat Valiev is hit by Linus Sandin and loses puck.
18:24 of 2nd period - Snap shot by Lucas Wallmarkk.
18:24 of 2nd period - Deflect By Joe Snively.
18:24 of 2nd period - Shot Blocked by Joshua Jacobs.
18:24 of 2nd period - Puck is out of play.
18:25 of 2nd period - Nolan Patrick wins face-off versus Lucas Wallmarkk in Wolfpack zone.
19:26 of 2nd period - Snap shot by Linus Sandin.
19:26 of 2nd period - Shot Misses the Net.
19:28 of 2nd period - Wrist shot by Yegor Korshkov.
19:28 of 2nd period - Stopped by Kevin Lankinen without a rebound.
19:29 of 2nd period - Nolan Patrick wins face-off versus Lucas Wallmarkk in Phantoms zone.
19:56 of 2nd period - Ryan Culkin is hit by J.T. Brown and loses puck.
Goals for this period are 1 for Wolfpack vs 1 for Phantoms.
Shots for this period are 10 for Wolfpack vs 22 for Phantoms.
3rd period
0:01 of 3rd period - Lucas Wallmarkk wins face-off versus Nolan Patrick in neutral zone.
0:03 of 3rd period - Minor Penalty to Lucas Wallmarkk for Interference.
0:04 of 3rd period - Rem Pitlick wins face-off versus Nolan Patrick in Phantoms zone.
0:18 of 3rd period - Rem Pitlick is hit by Nolan Patrick and loses puck.
0:37 of 3rd period - Slapshot by Derrick Pouliot.
0:37 of 3rd period - Deflect By Morgan Klimchuk.
0:37 of 3rd period - Stopped by Kevin Lankinen without a rebound.
0:38 of 3rd period - Rem Pitlick wins face-off versus Nolan Patrick in Phantoms zone.
0:48 of 3rd period - Off-side.
0:49 of 3rd period - Nolan Patrick wins face-off versus Rem Pitlick in neutral zone.
2:03 of 3rd period - Penalty to Lucas Wallmarkk is over, Lucas Wallmarkk is back on ice.
2:15 of 3rd period - Off-side.
2:16 of 3rd period - Laurent Dauphin wins face-off versus Shane Pinto in neutral zone.
2:34 of 3rd period - Slapshot by Ryan Culkin.
2:34 of 3rd period - Stopped by Kevin Lankinen without a rebound.
2:35 of 3rd period - Sebastian Collberg wins face-off versus Cristoval Nieves in Phantoms zone.
2:42 of 3rd period - Snap shot by Nolan Patrick.
2:42 of 3rd period - Shot Blocked by Cristoval Nieves.
2:46 of 3rd period - Snap shot by Sebastian Collberg.
2:46 of 3rd period - Stopped by Kevin Lankinen with a rebound.
2:48 of 3rd period - Slapshot by Joshua Jacobs.
2:48 of 3rd period - Stopped by Kevin Lankinen without a rebound.
2:49 of 3rd period - Lucas Wallmarkk wins face-off versus Nolan Patrick in Phantoms zone.
3:00 of 3rd period - Slapshot by Nolan Patrick.
3:00 of 3rd period - Stopped by Kevin Lankinen without a rebound.
3:01 of 3rd period - Nolan Patrick wins face-off versus Lucas Wallmarkk in Phantoms zone.
3:18 of 3rd period - Morgan Klimchuk is hit by Sebastian Collberg and loses puck.
3:28 of 3rd period - Off-side.
3:29 of 3rd period - Alex Barre-Boulet wins face-off versus Cristoval Nieves in neutral zone.
4:03 of 3rd period - Snap shot by A.J. Greer.
4:03 of 3rd period - Stopped by Samuel Ersson without a rebound.
4:04 of 3rd period - Alex Barre-Boulet wins face-off versus Lucas Wallmarkk in Wolfpack zone.
4:19 of 3rd period - Slapshot by Derrick Pouliot.
4:19 of 3rd period - Stopped by Kevin Lankinen with a rebound.
4:31 of 3rd period - Snap shot by Joe Snively.
4:31 of 3rd period - Shot Hit the Post.
4:33 of 3rd period - Slapshot by Rem Pitlick.
4:33 of 3rd period - Shot Misses the Net.
5:31 of 3rd period - Snap shot by Joe Snively.
5:31 of 3rd period - Stopped by Samuel Ersson without a rebound.
5:32 of 3rd period - Alex Barre-Boulet wins face-off versus Lucas Wallmarkk in Wolfpack zone.
5:45 of 3rd period - Slapshot by Derrick Pouliot.
5:45 of 3rd period - Goal by Derrick Pouliot - Wolfpack : 2 - Phantoms : 1.
5:46 of 3rd period - Nolan Patrick wins face-off versus Lucas Wallmarkk in neutral zone.
5:59 of 3rd period - Wrist shot by Nolan Patrick.
5:59 of 3rd period - Shot Misses the Net.
6:23 of 3rd period - Slapshot by Joe Snively.
6:23 of 3rd period - Shot Blocked by Dryden Hunt.
6:25 of 3rd period - Snap shot by Lucas Wallmarkk.
6:25 of 3rd period - Shot Misses the Net.
6:33 of 3rd period - Slapshot by Lucas Wallmarkk.
6:33 of 3rd period - Stopped by Samuel Ersson with a rebound.
6:35 of 3rd period - Wrist shot by Morgan Klimchuk.
6:35 of 3rd period - Shot Misses the Net.
6:37 of 3rd period - Snap shot by Morgan Klimchuk.
6:37 of 3rd period - Goal by Morgan Klimchuk - Wolfpack : 2 - Phantoms : 2.
6:38 of 3rd period - Cristoval Nieves wins face-off versus Alex Barre-Boulet in neutral zone.
6:49 of 3rd period - Snap shot by Alexander Barabanov.
6:49 of 3rd period - Deflect By Rem Pitlick.
6:49 of 3rd period - Stopped by Kevin Lankinen without a rebound.
6:50 of 3rd period - Alex Barre-Boulet wins face-off versus Cristoval Nieves in Phantoms zone.
7:16 of 3rd period - Nolan Patrick is hit by Joe Snively and loses puck.
7:41 of 3rd period - Snap shot by David Kampf.
7:41 of 3rd period - Goal by David Kampf - Wolfpack : 2 - Phantoms : 3.
7:42 of 3rd period - Nolan Patrick wins face-off versus Lucas Wallmarkk in neutral zone.
7:53 of 3rd period - Backhand shot by Nolan Patrick.
7:53 of 3rd period - Shot Blocked by Lucas Wallmarkk.
8:03 of 3rd period - Minor Penalty to Joe Snively for Cross-checking.
8:04 of 3rd period - Lucas Wallmarkk wins face-off versus Nolan Patrick in Phantoms zone.
8:12 of 3rd period - Off-side.
8:13 of 3rd period - Lucas Wallmarkk wins face-off versus Nolan Patrick in neutral zone.
8:24 of 3rd period - Wrist shot by Lucas Wallmarkk.
8:24 of 3rd period - Shot Blocked by Dryden Hunt.
9:11 of 3rd period - Slapshot by Colton White.
9:11 of 3rd period - Shot Misses the Net.
9:31 of 3rd period - Snap shot by Sebastian Collberg.
9:31 of 3rd period - Stopped by Kevin Lankinen without a rebound.
9:32 of 3rd period - Alex Barre-Boulet wins face-off versus Lucas Wallmarkk in Phantoms zone.
9:35 of 3rd period - Slapshot by Ryan Culkin.
9:35 of 3rd period - Goal by Ryan Culkin - Wolfpack : 3 - Phantoms : 3.
9:36 of 3rd period - Alex Barre-Boulet wins face-off versus Lucas Wallmarkk in neutral zone.
9:41 of 3rd period - Snap shot by Owen Tippet.
9:41 of 3rd period - Stopped by Kevin Lankinen with a rebound.
10:10 of 3rd period - Snap shot by Linus Sandin.
10:10 of 3rd period - Stopped by Kevin Lankinen without a rebound.
10:11 of 3rd period - Cristoval Nieves wins face-off versus Alex Barre-Boulet in Phantoms zone.
10:21 of 3rd period - Alexander Barabanov is hit by Cristoval Nieves.
11:07 of 3rd period - Snap shot by David Kampf.
11:07 of 3rd period - Stopped by Samuel Ersson with a rebound.
11:15 of 3rd period - Minor Penalty to Yegor Korshkov for Cross-checking.
11:16 of 3rd period - Lucas Wallmarkk wins face-off versus Nolan Patrick in Wolfpack zone.
11:53 of 3rd period - Wrist shot by Alex Barre-Boulet.
11:53 of 3rd period - Shot Blocked by Mikko Lehtonen.
11:55 of 3rd period - Slapshot by Derrick Pouliot.
11:55 of 3rd period - Stopped by Kevin Lankinen without a rebound.
11:56 of 3rd period - Lucas Wallmarkk wins face-off versus Nolan Patrick in Phantoms zone.
13:15 of 3rd period - Penalty to Yegor Korshkov is over, Yegor Korshkov is back on ice.
13:33 of 3rd period - Slapshot by Riley Stillman.
13:33 of 3rd period - Shot Misses the Net.
13:35 of 3rd period - Slapshot by Riley Stillman.
13:35 of 3rd period - Shot Blocked by Colton White.
13:37 of 3rd period - Slapshot by Riley Stillman.
13:37 of 3rd period - Stopped by Samuel Ersson without a rebound.
13:38 of 3rd period - Oliver Wahlstrom wins face-off versus Shane Pinto in Wolfpack zone.
13:41 of 3rd period - Snap shot by Brett Murray.
13:41 of 3rd period - Stopped by Samuel Ersson with a rebound.
14:14 of 3rd period - Icing by Linus Sandin.
14:15 of 3rd period - Cristoval Nieves wins face-off versus Mikhail Vorobyev in Wolfpack zone.
14:30 of 3rd period - Snap shot by Mikhail Vorobyev.
14:30 of 3rd period - Stopped by Kevin Lankinen with a rebound.
14:32 of 3rd period - Wrist shot by Mikhail Vorobyev.
14:32 of 3rd period - Stopped by Kevin Lankinen with a rebound.
14:38 of 3rd period - Snap shot by Mikhail Vorobyev.
14:38 of 3rd period - Deflect By Yegor Korshkov.
14:38 of 3rd period - Stopped by Kevin Lankinen with a rebound.
14:40 of 3rd period - Slapshot by Cale Fleury.
14:40 of 3rd period - Deflect By Linus Sandin.
14:40 of 3rd period - Shot Misses the Net.
14:40 of 3rd period - Puck is out of play.
14:41 of 3rd period - Nolan Patrick wins face-off versus Lucas Wallmarkk in Phantoms zone.
14:42 of 3rd period - Snap shot by Sebastian Collberg.
14:42 of 3rd period - Shot Misses the Net.
14:51 of 3rd period - Rinat Valiev is hit by Colton White.
15:09 of 3rd period - Slapshot by Rinat Valiev.
15:09 of 3rd period - Shot Misses the Net.
16:15 of 3rd period - Snap shot by Sebastian Collberg.
16:15 of 3rd period - Shot Misses the Net.
16:21 of 3rd period - Slapshot by Sebastian Collberg.
16:21 of 3rd period - Deflect By Dryden Hunt.
16:21 of 3rd period - Shot Misses the Net.
16:21 of 3rd period - Puck is out of play.
16:22 of 3rd period - Mikhail Vorobyev wins face-off versus David Kampf in Phantoms zone.
16:47 of 3rd period - Lucas Wallmarkk is hit by Sebastian Collberg and loses puck.
16:56 of 3rd period - K'Andre Miller is hit by Andrey Pedan and loses puck.
17:38 of 3rd period - Slapshot by A.J. Greer.
17:38 of 3rd period - Stopped by Samuel Ersson without a rebound.
17:39 of 3rd period - David Kampf wins face-off versus Shane Pinto in Wolfpack zone.
17:40 of 3rd period - Snap shot by A.J. Greer.
17:40 of 3rd period - Shot Misses the Net.
17:50 of 3rd period - Slapshot by Blake Heinrich.
17:50 of 3rd period - Shot Misses the Net.
18:20 of 3rd period - Backhand shot by Derrick Pouliot.
18:20 of 3rd period - Shot Blocked by Matt Kiersted.
18:55 of 3rd period - Slapshot by Nick Sorensen.
18:55 of 3rd period - Shot Misses the Net.
18:57 of 3rd period - Wrist shot by Nick Sorensen.
18:57 of 3rd period - Shot Blocked by Shane Pinto.
18:59 of 3rd period - Slapshot by Matt Kiersted.
18:59 of 3rd period - Deflect By David Kampf.
18:59 of 3rd period - Shot Misses the Net.
18:59 of 3rd period - Puck is out of play.
19:00 of 3rd period - Mikhail Vorobyev wins face-off versus Joe Snively in Wolfpack zone.
19:07 of 3rd period - Wrist shot by Linus Sandin.
19:07 of 3rd period - Shot Blocked by Blake Heinrich.
19:13 of 3rd period - Yegor Korshkov is hit by Mikko Lehtonen and loses puck.
19:26 of 3rd period - Lucas Wallmarkk is hit by Alexander Barabanov and loses puck.
19:49 of 3rd period - Slapshot by Lucas Wallmarkk.
19:49 of 3rd period - Stopped by Samuel Ersson with a rebound.
Goals for this period are 2 for Wolfpack vs 2 for Phantoms.
Shots for this period are 16 for Wolfpack vs 10 for Phantoms.
Overtime #1
0:01 of 1st overtime period - Joe Snively wins face-off versus Nolan Patrick in neutral zone.
0:14 of 1st overtime period - Snap shot by Morgan Klimchuk.
0:14 of 1st overtime period - Goal by Morgan Klimchuk - Wolfpack : 3 - Phantoms : 4.
Goals for this period are 0 for Wolfpack vs 1 for Phantoms.
Shots for this period are 0 for Wolfpack vs 1 for Phantoms.